 Dungeon Crawl Stone Soup version 0.29.0-11-gd7f09526c8 (webtiles) character file.

Game seed: 9731288645409709117

4 PentaManta the Charlatan (level 1, 0/15 HPs)
             Began as a Merfolk Artificer on Sept 4, 2022.
             Frozen to death by an endoplasm (5 damage)
             ... on level 1 of the Dungeon.
             The game lasted 00:00:28 (211 turns).

PentaManta the Charlatan (Merfolk Artificer)         Turns: 211, Time: 00:00:29

Health: 0/15       AC:  3    Str: 12    XL:     1   Next: 70%
Magic:  1/1        EV: 12    Int: 10    God:
Gold:   29         SH:  0    Dex: 14    Spells: 0/0 levels left

rFire   . . .      SeeInvis .   f - +0 short sword
rCold   . . .      Faith    .   (no shield)
rNeg    . . .      Spirit   .   b - +0 leather armour
rPois   .          Reflect  .   (no helmet)
rElec   .          Harm     .   (no cloak)
rCorr   .          Rampage  .   (no gloves)
Will    .....                   (no boots)
Stlth   +.........              (no amulet)
HPRegen 0.05/turn               (no ring)
MPRegen 0.07/turn               (no ring)

@: no status effects
A: (nimble swimmer 2), mertail
a: no special abilities


You were on level 1 of the Dungeon.
You visited 1 branch of the dungeon, and saw 1 of its levels.

You collected 29 gold pieces.

Inventory:

Hand Weapons
 a - a +0 club
 f - a +0 short sword (weapon)
Armour
 b - a +0 leather armour (worn)
Wands
 c - a wand of flame (15) (quivered)
 d - a wand of charming (15)
 e - a wand of iceblast (5)
Scrolls
 g - a scroll of blinking {unknown}
 h - a scroll of vulnerability {unknown}
Potions
 i - a potion of degeneration {unknown}


   Skills:
 - Level 1.1 Fighting
 - Level 0.6 Armour
 - Level 2.6 Dodging
 - Level 1.1 Stealth
 + Level 1.3 Unarmed Combat
 - Level 3.0 Evocations


You couldn't memorise any spells.
You didn't know any spells.
Your spell library was empty.

Dungeon Overview and Level Annotations

Branches:
Dungeon (1/15)

Altars:


Innate Abilities, Weirdness & Mutations

((You are very nimble when in or above water. (Stealth+, EV+, Speed+++)))
Your lower body shifts to a powerful aquatic tail in water.


Message History

The rat closely misses you. The rat bites you but does no damage.
You hit the rat but do no damage.
The rat is heavily wounded.
The rat bites you but does no damage.
You hit the rat.
You kill the rat!
No target in view!
HP restored.
An endoplasm comes into view.
You see here an orange potion.
An endoplasm is nearby!
An endoplasm is nearby!
You see here an orange potion.
i - an orange potion You hit the endoplasm.
The endoplasm is severely wounded.
The endoplasm freezes you.
You are frozen.
You barely miss the endoplasm.
The endoplasm is severely wounded.
The endoplasm hits you.
You barely miss the endoplasm.
The endoplasm is severely wounded.
The endoplasm misses you.
You barely miss the endoplasm.
The endoplasm is severely wounded.
The endoplasm freezes you.
You are frozen.
You hit the endoplasm but do no damage.
The endoplasm is severely wounded.
The endoplasm freezes you.
You are frozen.
You are too injured to fight recklessly!
You are too injured to fight recklessly!
You are too injured to fight recklessly!
You hit the endoplasm.
The endoplasm is almost dead.
The endoplasm freezes you.
You are frozen.
You die...

#. #.. ## #... ..# # #..#
#.# .. #..## #.##..# . #
#...# #.##..#..
##.###...###.......#+#
.............##..###.###
........@..............##
#.###.J####.##..###.#.#.
........# #.##..# #.#.#.
##.###..# #.##..###.#.#.
...####.##..........
...............#.....
#.#.#[....##..#.###.#.
.............>#.# #.#.
##.#.#####.##..#.# #.#.


You could see an endoplasm.

Vanquished Creatures
  2 bats (D:1)
  2 frilled lizards (D:1)
  A rat (D:1)
5 creatures vanquished.

Notes
Turn   | Place    | Note
-------+----------+-------------------------------------------
     0 | D:1      | PentaManta the Merfolk Artificer began the quest for the
                  | Orb.
     0 | D:1      | Reached XP level 1. HP: 15/15 MP: 1/1
    61 | D:1      | Reached skill level 1 in Unarmed Combat
   211 | D:1      | Frozen to death by an endoplasm

Illustrated notes

Levels and vault maps discovered:
D:1:      lightli_arrival_isolated_outpost, layout_basic,
          ebering_ecumenical_altar_petrified,
          wander_ebering_terrifying_dragon_lair

Skill      XL: |  1 |
---------------+----+-----
Unarmed Combat | 1 |  1.3
Fighting       | |  1.1
Armour         | |  0.6
Dodging        | |  2.6
Stealth        | |  1.1
Evocations     | |  3.0

Action                   || total
-------------------------++-------
Melee: Short sword       ||    17
       Club              ||     6
Armor: Leather armour    ||     7
Dodge: Dodged            ||    17
